AoeStats
← Milaad

African Clearing

504903619Analyzed
4v4 RM · 26d ago on Sep 7, 2026· 32m 57s· 8 players
Game mode
Random Map
Map size
Large (8 player)
Population
200
Speed
Normal
Resources
Standard
Victory
Conquest
Starting age
Dark Age
Ending age
Imperial Age
RankedLock teamsTeams togetherTeam positionsShared explorationLock speedFull tech treeHidden civsTurbo modeCheats
Victory
Defeat
🇺🇸 Burgundians · United States
1160
+14
🇺🇸 Turks · United States
1072
+18
🇺🇸 Hindustanis · United States
1050
+19
🇺🇸 Byzantines · United States
1013
+19
🇨🇳 Spanish · China
1154
-19
🇨🇱 Mongols · Chile
1116
-18
🇨🇦 Celts · Canada
1090
-17
🇨🇦 Franks · Canada
1076
-16
Swordfish
3:55 Loom
18:49 Feudal Age
29:18 Castle Age
29:14 Scale Mail Armor
29:26 Forging
29:27 Double-Bit Axe
30:40 Pikeman
32:10 Chain Mail Armor
33:11 Iron Casting
gatuzo
8:31 Loom
12:53 Feudal Age
17:07 Castle Age
15:02 Double-Bit Axe
18:06 Bow Saw
24:45 Horse Collar
27:50 Wheelbarrow
Chen
15:00 Feudal Age
20:10 Castle Age
18:44 Stone Mining
18:41 Double-Bit Axe
19:05 Loom
19:49 Gold Mining
24:33 Fletching
24:30 Pikeman
Altria Pendragon
4:50 Loom
13:58 Feudal Age
18:46 Castle Age
18:44 Double-Bit Axe
20:49 Fletching
Streetlamp Le Moose
9:01 Loom
11:01 Loom
14:13 Feudal Age
15:13 Double-Bit Axe
17:59 Bloodlines
21:29 Castle Age
22:19 Wheelbarrow
21:58 Forging
21:47 Light Cavalry
24:28 Scale Barding Armor
33:38 Hand Cart
33:09 Town Watch
ScoobaDoobaDoo
6:32 Loom
20:11 Feudal Age
22:52 Double-Bit Axe
25:27 Castle Age
25:12 Stone Mining
26:26 Wheelbarrow
26:03 Horse Collar
27:09 Heavy Plow
27:42 Bow Saw
28:14 Fletching
30:34 Pikeman
33:22 Husbandry
Cthpoolu
14:44 Feudal Age
13:45 Double-Bit Axe
14:18 Horse Collar
15:58 Bow Saw
18:07 Castle Age
17:07 Gold Mining
17:42 Scale Barding Armor
17:49 Forging
18:38 Cavalier
20:32 Loom
22:05 Fletching
25:04 Chain Barding Armor
26:23 Husbandry
27:27 Fletching
27:54 Heavy Plow
29:16 Bodkin Arrow
33:42 Gold Shaft Mining
33:53 Wheelbarrow
Milaad
7:55 Loom
14:44 Feudal Age
15:29 Double-Bit Axe
15:38 Horse Collar
19:56 Wheelbarrow
27:26 Castle Age
26:30 Stone Mining
27:24 Bloodlines
27:23 Scale Barding Armor
27:29 Forging
33:24 Padded Archer Armor
Connection lost

Rejoining the realm…

Still unreachable

The connection could not be restored.

Session expired

The server has moved on; the page needs a fresh start.